 Dungeon Crawl Stone Soup version 0.29-a0-283-ga02f740833 (webtiles) character file.

Game seed: 2126857102863929214

8276 sking99 the Fighter (level 11, -2/97 HPs)
             Began as a Yellow Draconian Fire Elementalist on Mar 13, 2022.
             Was a Priest of Ru.
             Slain by an orc warrior
             ... wielding a +0 dire flail
              (18 damage)
             ... on level 10 of the Dungeon.
             The game lasted 00:35:28 (15530 turns).

sking99 the Fighter (DrFE)                         Turns: 15530, Time: 00:35:29

Health: -2/97      AC:  8    Str: 11    XL:     11   Next: 7%
Magic:  1/20       EV:  9    Int: 19    God:    Ru [***...]
Gold:   405        SH:  5    Dex: 14    Spells: 12/22 levels left

rFire   . . .      SeeInvis .   B - +9 falchion of Amorality {protect, Fly Dex+2}
rCold   . . .      Faith    .   j - +0 buckler
rNeg    . . .      Spirit   .   (body armour unavailable)
rPois   .          Reflect  .   (helmet restricted)
rElec   .          Harm     .   (no cloak)
rCorr   +          Rampage  .   (no gloves)
Will    .....                   i - +0 pair of boots
Stlth   ++........              (no amulet)
HPRegen 0.26/turn               (no ring)
MPRegen 0.17/turn               (no ring)

@: flying
A: spit acid, AC +7, unfitting armour, cold-blooded, inability to use devices,
reduced EV 1, acid resistance
a: Breathe Acid, Renounce Religion, Draw Out Power


You were on level 10 of the Dungeon.
You worshipped Ru.
Ru was most pleased with you.
You visited 1 branch of the dungeon, and saw 10 of its levels.
You also visited: Bailey.

You collected 405 gold pieces.

Inventory:

Hand Weapons
 B - the +9 falchion of Amorality (weapon) {protect, Fly Dex+2}
   (You found it on level 7 of the Dungeon)

   It grants its wielder temporary protection when it strikes (+7 to AC).
   Dex:       It affects your dexterity (+2).
   Fly:       It grants you flight.
Missiles
 p - 3 throwing nets
Armour
 i - a +0 pair of boots (worn)
 j - a +0 buckler (worn)
Jewellery
 e - a ring of magical power
 o - a +6 ring of strength
 r - a ring of see invisible
 x - a +4 ring of protection
Scrolls
 f - a scroll of summoning
 h - 3 scrolls of immolation
 n - 3 scrolls of enchant armour
 v - 2 scrolls of teleportation
 w - 3 scrolls of brand weapon
 y - 2 scrolls of silence
 C - a scroll of fog {unknown}
 D - a scroll of fear {unknown}
 F - a scroll of vulnerability
Potions
 a - a potion of magic
 b - a potion of degeneration
 c - a potion of resistance
 d - 3 potions of might
 g - a potion of mutation
 k - 2 potions of curing
 l - 2 potions of heal wounds
 m - 2 potions of haste
 q - 3 potions of flight
 s - 4 potions of brilliance
 t - 2 potions of lignification
 A - a potion of attraction


   Skills:
 + Level 9.5 Fighting
 + Level 6.2 Dodging
 - Level 1.8 Stealth
 - Level 4.0 Shields
 - Level 6.0 Spellcasting
 - Level 8.0 Conjurations
 - Level 8.3 Fire Magic


You had 12 spell levels left.
You knew the following spells:

 Your Spells              Type           Power      Damage    Failure   Level
a - Foxfire               Conj/Fire      100%       2x1d9     1%          1
b - Scorch                Fire           74%        2d8       1%          2
c - Conjure Flame         Conj/Fire      36%        6-21      1%          3
d - Flame Wave            Conj/Fire      36%        2d9       4%          4

Your spell library contained the following spells:

 Spells                   Type           Power      Damage    Failure   Level
 Inner Flame              Hex/Fire       21%        N/A       8%          3
 Summon Small Mammal      Summ           20%        N/A       14%         1
 Corpse Rot               Necr/Air       10%        N/A       22%         2
 Poisonous Vapours        Pois/Air       10%        N/A       22%         2
 Call Canine Familiar     Summ           5%         N/A       38%         3
 Summon Guardian Golem    Hex/Summ       5%         N/A       38%         3
 Blade Hands              Tmut           2%         N/A       98%         5
 Iron Shot                Conj/Erth      10%        9d3       99%         6
 Borgnjor's Revivificati  Necr           2%         N/A       100%        8
 Necromutation            Tmut/Necr      2%         N/A       100%        8
 Death's Door             Necr           2%         N/A       100%        9
 Animate Armour           Summ/Erth      Unusable   N/A       N/A         4

Dungeon Overview and Level Annotations

Branches:
Dungeon (10/15)            Temple (0/1) D:4             Orc (0/2) D:9
 Bailey (visited)
   Lair: D:8-11

Altars:
Cheibriados
Fedhas
Hepliaklqana
Kikubaaqudgha
Okawaru
Qazlal
Ru
Uskayaw
Wu Jian


Innate Abilities, Weirdness & Mutations

You can spit globs of acid.
Your golden yellow scales are hard. (AC +7)
You cannot fit into any form of body armour.
You are cold-blooded and may be slowed by cold attacks.
You cannot study or use magical devices.
You have somewhat slow reflexes. (EV -5)
You are resistant to acid. (rCorr)


Message History

The flame wave engulfs the orc warrior!
You kill the orc warrior!
The flame wave engulfs the warg.
The warg is almost dead.
The flame wave engulfs the orc priest.
The orc priest is heavily wounded.
The warg bites you!
* * * LOW HITPOINT WARNING * * *
You focus your inner power and illuminate the warg in retribution!
Without enough magic to sustain them, the waves of flame dissipate.
You block the warg's attack.
You feel much better. The warg bites you but does no damage.
You hear some strange, mumbled words.
You are confused.
The orc priest hits you with a +0 club. The warg bites you!
* * * LOW HITPOINT WARNING * * *
You are too confused!
You feel better.
The orc priest hits you but does no damage.
The warg bites you but does no damage.
As you read the scroll of teleportation, it crumbles to dust.
You feel strangely unstable. You block the warg's attack.
Something hits you but does no damage.
The orc priest hits you but does no damage.
Something hits you but does no damage.
A troll comes into view.
The shadow hits you. The warg bites you!
* * * LOW HITPOINT WARNING * * *
There is an open door, spattered with blood here.
The shadow attacks as you move away! The shadow hits you.
* * * LOW HITPOINT WARNING * * *
Your surroundings suddenly seem different.
An orc warrior, an orc priest, an orc and 7 kobolds come into view.
The orc is wielding a +2 trident of freezing.
A kobold brigand is wielding a +0 short sword and quivering poisoned darts.
A kobold is wielding a +0 club and quivering poisoned darts.
Found a +0 cloak.
The kobold shouts! x2; The orc shouts!
The orc warrior shouts!
The kobold brigand shouts!
The kobold shouts!
The kobold throws a stone.
The stone barely misses you.
The orc warrior hits you with a +0 dire flail!!
You die...

#.....
....##+##.
..oK......
...oKK..#
#...K..#
#......#
#......#
#..KoKK#
#....@.#
#......#
########


You could see an orc warrior, a kobold brigand, an orc priest (wandering), an
orc and 6 kobolds.

Vanquished Creatures
  A two-headed ogre (Bailey)
  Sigmund (D:3)
  A spriggan (Bailey)
  3 yaks
  A steam dragon (Bailey)
  A warg (D:10)
  3 water moccasins
  8 orc warriors
  2 black bears
  An ice beast (D:6)
  5 sky beasts
  9 ogres
  2 centaurs
  3 phantoms
  6 kobold brigands
  A necrophage (D:8)
  A gnoll sergeant (D:9)
  A bullfrog (D:9)
  3 scorpions
  12 wights
  18 killer bees
  An electric eel (D:6)
  4 hounds
  A jelly (D:7)
  13 orc priests
  4 gnoll shamans
  2 iguanas
  14 orc wizards
  26 gnolls
  An adder (D:3)
  3 shadow imps
  A white imp (D:6)
  An ufetubus (D:5)
  3 worms
  40 orcs
  3 bat zombies (D:3)
  9 endoplasms
  4 giant cockroaches
  9 goblins
  5 hobgoblins
  11 jackals
  5 quokkas
  9 ball pythons
  3 bats
  A frilled lizard (D:3)
  14 kobolds
  7 rats
277 creatures vanquished.

Vanquished Creatures (collateral kills)
  4 foxfires
4 creatures vanquished.

Vanquished Creatures (others)
  A yak (D:9)
  1106 foxfires
  13 plants (D:6)
1120 creatures vanquished.

Grand Total: 1401 creatures vanquished

Notes
Turn   | Place    | Note
-------+----------+-------------------------------------------
     0 | D:1      | sking99 the Draconian Fire Elementalist began the quest for
                  | the Orb.
     0 | D:1      | Reached XP level 1. HP: 14/14 MP: 3/3
   560 | D:1      | Reached XP level 2. HP: 22/22 MP: 1/5
   605 | D:1      | Learned a level 2 spell: Scorch
   991 | D:1      | Reached skill level 1 in Fighting
  1054 | D:1      | Reached XP level 3. HP: 28/28 MP: 1/6
  1752 | D:1      | Learned a level 3 spell: Conjure Flame
  2832 | D:2      | Reached XP level 4. HP: 35/35 MP: 2/7
  2917 | D:3      | Noticed Sigmund
  3680 | D:3      | Found an ancient bone altar of Kikubaaqudgha.
  4108 | D:3      | Killed Sigmund
  4109 | D:3      | Reached XP level 5. HP: 27/40 MP: 1/9
  4114 | D:3      | Learned a level 4 spell: Flame Wave
  4392 | D:4      | Found a snail-covered altar of Cheibriados.
  4437 | D:4      | Reached XP level 6. HP: 47/47 MP: 3/10
  5079 | D:4      | Found an ornate altar of the Wu Jian Council.
  5241 | D:4      | Found a staircase to the Ecumenical Temple.
  5337 | D:4      | Your scales start taking on a golden yellow colour.
  5337 | D:4      | Reached XP level 7. HP: 52/52 MP: 4/12
  5337 | D:4      | Gained mutation: You are resistant to acid. (rCorr) [Yellow
                  | Draconian growth]
  5914 | D:4      | Found a sacrificial altar of Ru.
  6157 | D:4      | Became a worshipper of Ru the Awakened
  6236 | D:5      | Entered Level 5 of the Dungeon
  6299 | D:5      | Reached skill level 5 in Fire Magic
  6585 | D:5      | Found a stormy altar of Qazlal.
  6927 | D:5      | Found a hide-covered altar of Uskayaw.
  7047 | D:5      | Found a blossoming altar of Fedhas.
  7373 | D:5      | Reached XP level 8. HP: 43/59 MP: 5/14
  7521 | D:6      | Reached skill level 2 in Fighting
  7628 | D:6      | Reached skill level 5 in Conjurations
  7911 | D:6      | Reached skill level 3 in Fighting
  8104 | D:6      | Reached skill level 4 in Fighting
  8107 | D:6      | Gained mutation: You have somewhat slow reflexes. (EV -5)
                  | [Ru sacrifice]
  8107 | D:6      | Reached * piety under Ru
  9295 | D:7      | Reached XP level 9. HP: 64/73 MP: 7/15
  9491 | D:7      | Reached skill level 5 in Fighting
 10652 | D:7      | Reached skill level 6 in Fighting
 10949 | D:7      | Identified the +9 falchion of Amorality {protect, Fly
                  | Dex+2}
 11018 | D:7      | Found a hazy altar of Hepliaklqana.
 11267 | D:8      | Found a flagged portal.
 11277 | Bailey   | Entered a bailey
 11715 | Bailey   | Reached XP level 10. HP: 84/84 MP: 8/16
 11786 | Bailey   | Noticed a two-headed ogre
 11820 | Bailey   | Killed a two-headed ogre
 11821 | Bailey   | Reached skill level 7 in Fighting
 12131 | Bailey   | Reached skill level 5 in Spellcasting
 13001 | D:8      | Reached skill level 8 in Fighting
 13488 | D:8      | Gained mutation: You cannot study or use magical devices.
                  | [Ru sacrifice]
 13488 | D:8      | Reached ** piety under Ru
 13488 | D:8      | Reached *** piety under Ru
 13706 | D:9      | Identified the +2 robe of the Lair of Beasts {rN+ Stlth+}
 13952 | D:9      | Reached skill level 5 in Dodging
 14143 | D:9      | Found an iron altar of Okawaru.
 14655 | D:9      | Reached skill level 9 in Fighting
 14950 | D:9      | Found a staircase to the Orcish Mines.
 15039 | D:10     | Entered Level 10 of the Dungeon
 15211 | D:9      | Reached XP level 11. HP: 93/97 MP: 12/20
 15530 | D:10     | Slain by an orc warrior

Illustrated notes

Levels and vault maps discovered:
D:1:      scummos_arrival_simple_fountains, layout_basic,
          chequers_serial_rivers_large_b, nicolae_grassy_gnolls
D:2:      layout_basic
D:3:      layout_basic, lemuel_zombie_altar_kikubaaqudgha,
          corexii_leaking_fountain, uniq_sigmund
D:4:      layout_basic, mainiacjoe_overflow_alcove_2, lemuel_round_altar,
          old_standard_altar, minmay_temple_entry_proselytizer
D:5:      layout_gridville, old_standard_altar, mainiacjoe_overflow_alcove_1,
          kennysheep_little_box
D:6:      layout_basic, serial_bayou, serial_bayou_pond_a, serial_bayou_ford_a,
          serial_bayou_pond_c, serial_bayou_pond_c
D:7:      layout_rooms, nicolae_hepliaklqana_hippocampus
D:8:      layout_loops_cross, enter_bailey_3
D:9:      layout_rooms, kennysheep_mini, david_orc_4
D:10:     layout_basic, erik_lair_orcish_takeover, hellmonk_bongcloud_opening,
          kennysheep_generic_room_11

Skill      XL: |  1  2  3  4  5  6  7  8  9 10 |
---------------+-------------------------------+-----
Fighting       | 1 4 6 9 |  9.5
Conjurations   | 2 3 4 6 7 8 |  8.0
Shields        | 2 3 4 |  4.0
Spellcasting   | 3 4 6 |  6.0
Fire Magic     | 4 5 7 8 |  8.3
Dodging        | 2 6 |  6.2
Stealth        | |  1.8

Action                   |  1- 3 |  4- 6 |  7- 9 | 10-12 || total
-------------------------+-------+-------+-------+-------++-------
Melee: Dagger            |       |       |     5 |       ||     5
       Tailslap          |       |       |     3 |       ||     3
       Falchion          |       |       |    13 |     7 ||    20
 Cast: Foxfire           |    95 |    76 |   264 |   198 ||   633
       Scorch            |       |    12 |    57 |    59 ||   128
       Flame Wave        |       |       |     3 |     4 ||     7
       Conjure Flame     |       |       |       |     2 ||     2
Invok: Sacrifice Health  |       |       |     1 |       ||     1
       Sacrifice Artific |       |       |       |     1 ||     1
 Abil: Breathe Acid      |       |       |     3 |     2 ||     5
  Use: Scroll            |       |     9 |     7 |     3 ||    19
       Potion            |       |       |     1 |     2 ||     3
Armor: Skin              |     4 |    10 |    31 |    39 ||    84
Dodge: Dodged            |     9 |    13 |    33 |    39 ||    94
Block: Buckler           |       |    10 |    27 |    24 ||    61

Table legend: (Time is in decaauts)
 A = Elapsed time spent in this place.
 B = Non-inter-level travel time spent in this place.
 C = Inter-level travel time spent in this place.
 D = Time resting spent in this place.
 E = Time spent auto-exploring this place.
 F = Levels seen in this place.
 G = Mean time per level.
                   A        B        C        D        E       F      G
               +--------+--------+--------+--------+--------+-----+--------+
         Total |  15590 |  15218 |    372 |   7177 |   5739 |  11 | 1417.3 |
       Dungeon |  14530 |  14158 |    372 |   6361 |   5640 |  10 | 1453.0 |
        Bailey |   1059 |   1059 |      0 |    816 |     99 |   1 | 1059.0 |
               +--------+--------+--------+--------+--------+-----+--------+

Top non-repeatable levels by time:
     D:4: 2232 daAuts
     D:6: 2109 daAuts
     D:1: 1780 daAuts
     D:3: 1573 daAuts
     D:9: 1495 daAuts
     D:7: 1478 daAuts
     D:8: 1409 daAuts
     D:2: 1141 daAuts
  Bailey: 1059 daAuts
     D:5: 953 daAuts
    D:10: 357 daAuts
